[Event "Titled Tuesday Blitz June 28 Late 2022"]
[White "Al-Tarboush, Ward"]
[Black "Yoo, Christopher Woojin"]
[WhiteFideId "7601450"]
[BlackFideId "30909694"]
[WhiteElo "2249"]
[BlackElo "2105"]
[Result "0-1"]
[Round "01"]
[TimeControl "180+1"]
[Date "2022.06.28"]
[WhiteClock "0:00:05"]
[BlackClock "0:00:04"]

1. e4 e6 2. d4 d5 3. exd5 exd5 4. Bd3 Nf6 5. Bg5 h6 6. Bh4 Bd6 7. Nc3 Be6 8. Nge2 O-O 9. Qd2 Re8 10. O-O-O c6 11. Rdg1 Be7 12. f3 Qa5 13. Bf2 b5 14. g4 b4 15. Nb1 Nfd7 16. h4 c5 17. g5 h5 18. Nf4 Nf8 19. Nxh5 c4 20. Nf6+ Kh8 21. Nxe8 cxd3 22. Qxd3 Qa6 23. Qd2 Qc6 24. Nf6 gxf6 25. gxf6 Bxf6 26. Qh6+ Nh7 27. Rh2 Na6 28. Rhg2 b3 29. axb3 Bf5 30. Nc3 Nb4 31. Rg7 Bxc2 32. Rxf7 Rg8 33. Rxg8+ Kxg8 34. Rxa7 Bf5 35. Qh5 Qe6 36. Ra8+ Nf8 37. Qh6 Qe7 38. Qh5 Nd3+ 39. Kd2 Qe6 40. Qh6 Qf7 41. Rxf8+ Qxf8 42. Qe3 Nxf2 43. Qxf2 Qg7 44. Qg2 Qxg2+ 45. Ke3 Qg1+ 46. Kf4 Bg6 47. Nxd5 Qxd4+ 48. Kg3 Qxd5 0-1


[Site "https://www.chess.com"]

[Event "Titled Tuesday Blitz June 28 Late 2022"]
[White "Ardila, Oscar Humberto"]
[Black "Domingo Nunez, Ruben"]
[WhiteFideId "4404742"]
[BlackFideId "22245570"]
[WhiteElo "1956"]
[BlackElo "2376"]
[Result "1-0"]
[Round "01"]
[TimeControl "180+1"]
[Date "2022.06.29"]
[WhiteClock "0:01:05"]
[BlackClock "0:00:06"]

1. d4 g6 2. c4 Bg7 3. Nf3 d6 4. Nc3 Nd7 5. Bf4 Ngf6 6. e3 b6 7. Be2 Bb7 8. O-O O-O 9. h3 Ne4 10. Nxe4 Bxe4 11. Nd2 Bb7 12. Bf3 Qc8 13. Rc1 c5 14. d5 Bxb2 15. Rb1 Bg7 16. Ne4 Qc7 17. Qc2 a6 18. Rfe1 Ne5 19. Be2 Bc8 20. g4 Bd7 21. Bg5 Rfe8 22. f4 Nxc4 23. Bxc4 b5 24. Be2 c4 25. Bf3 Rab8 26. Ng3 b4 27. f5 f6 28. fxg6 fxg5 29. gxh7+ Kh8 30. Qg6 Rf8 31. Nh5 Be5 32. Be4 Qc5 33. Qxg5 Rf7 34. Bg6 Bf6 35. Qh6 Rg7 36. Nxg7 Bxg7 37. Qg5 b3 38. axb3 cxb3 39. Bf5 Bxf5 40. gxf5 Bf6 41. Qg6 Qxd5 42. e4 Qd4+ 43. Kh1 b2 44. Qg4 Rf8 45. Rg1 Qe5 46. Qg8+ Rxg8 47. hxg8=Q# 1-0


[Site "https://www.chess.com"]

[Event "Titled Tuesday Blitz June 28 Late 2022"]
[White "Averjanov, Alexey"]
[Black "Novikova, Galina"]
[WhiteFideId "14109867"]
[BlackFideId "4157095"]
[WhiteElo "2683"]
[BlackElo "1863"]
[Result "1-0"]
[Round "01"]
[TimeControl "180+1"]
[Date "2022.06.29"]
[WhiteClock "0:01:46"]
[BlackClock "0:00:04"]

1. d4 e6 2. c4 f5 3. Nf3 Nf6 4. g3 Be7 5. Bg2 d6 6. O-O O-O 7. b3 Nc6 8. Bb2 a5 9. d5 Nb4 10. dxe6 Bxe6 11. Nd4 Bc8 12. a3 Na6 13. Nc3 f4 14. Qd2 fxg3 15. hxg3 Qe8 16. Nd5 Nxd5 17. Bxd5+ Kh8 18. Ne6 Bxe6 19. Bxe6 Bf6 20. Bd5 Bxb2 21. Qxb2 c6 22. Bg2 Nc5 23. b4 axb4 24. axb4 Rxa1 25. Qxa1 Ne4 26. Qd4 Nf6 27. e3 Qe7 28. Rd1 Rd8 29. b5 Qc7 30. bxc6 bxc6 31. Bf3 h6 32. Kg2 d5 33. cxd5 cxd5 34. Qh4 Qc2 35. Rxd5 Rxd5 36. Bxd5 Qd2 37. Bf3 Qd6 38. Qc4 Qd8 39. Qf7 Qb8 40. e4 Qe5 41. Qg6 Qd4 42. Qf5 Nd7 43. Bh5 Ne5 44. f4 Qd2+ 45. Kh3 Nd3 46. Qf8+ Kh7 47. Bg6+ Kxg6 48. Qf5# 1-0


[Site "https://www.chess.com"]

[Event "Titled Tuesday Blitz June 28 Late 2022"]
[White "Baches Garcia, Guillermo"]
[Black "Van Foreest, Jorden"]
[WhiteFideId "2209764"]
[BlackFideId "1039784"]
[WhiteElo "2502"]
[BlackElo "2609"]
[Result "0-1"]
[Round "01"]
[TimeControl "180+1"]
[Date "2022.06.28"]
[WhiteClock "0:00:23"]
[BlackClock "0:02:14"]

1. e4 g6 2. d4 Bg7 3. Nc3 d5 4. e5 c5 5. f4 a6 6. Nf3 Bg4 7. dxc5 e6 8. Be3 Nc6 9. Na4 f6 10. exf6 Nxf6 11. c3 O-O 12. Be2 Nh5 13. Qd2 Qc7 14. O-O Nxf4 15. Bxf4 Rxf4 16. Nb6 Raf8 17. h3 Bxf3 18. Bxf3 Ne5 19. Nxd5 Qxc5+ 20. Ne3 Nc4 0-1


[Site "https://www.chess.com"]

[Event "Titled Tuesday Blitz June 28 Late 2022"]
[White "Balint, Vilmos"]
[Black "Cruz, Cristhian"]
[WhiteFideId "718050"]
[BlackFideId "3801969"]
[WhiteElo "2059"]
[BlackElo "2497"]
[Result "1-0"]
[Round "01"]
[TimeControl "180+1"]
[Date "2022.06.29"]
[WhiteClock "0:00:46"]
[BlackClock "0:00:43"]

1. d4 Nf6 2. Nf3 e6 3. g3 c5 4. Bg2 cxd4 5. Nxd4 d5 6. O-O e5 7. Nb3 Be6 8. Bg5 Nbd7 9. Nc3 Be7 10. f4 exf4 11. Bxf4 Nc5 12. Nd4 O-O 13. Nxe6 Nxe6 14. Nxd5 Nxd5 15. Qxd5 Qb6+ 16. Kh1 Qxb2 17. Qxb7 Qxb7 18. Bxb7 Rad8 19. Rad1 Nd4 20. Rd2 Ne6 21. Rfd1 Nxf4 22. Rxd8 Bxd8 23. gxf4 Bb6 24. Kg2 g6 25. Kf3 f5 26. c4 Re8 27. Rd3 Re7 28. Bd5+ Kg7 29. a4 h6 30. h4 Kf6 31. Ra3 g5 32. hxg5+ hxg5 33. fxg5+ Kxg5 34. a5 Bc5 35. Rb3 Rh7 36. Rb8 Rh3+ 37. Kg2 Ra3 38. Rb5 Bd4 39. Be4 Kf4 40. Bxf5 Ke3 41. Bd3 Rc3 42. Kg3 Rc1 43. Kg4 Rf1 44. Rb7 Rf4+ 45. Kg5 Rf8 46. Re7+ Kd2 47. Rd7 Kc3 48. a6 Bb6 49. Rd5 Kb4 50. Rb5+ Kc3 51. c5 Bc7 52. Rb7 Bf4+ 53. Kg4 Be3 54. c6 Rc8 55. Be4 Kd4 56. Bf3 Kc5 57. Rxa7 Kb6 58. Re7 Bc5 59. Re5 Bd6 60. Re6 Bc7 61. Kf5 Kxa6 62. Re7 Kb6 63. Ke6 Rd8 64. Rh7 Rd6+ 65. Ke7 Rd2 66. Rh1 Bd6+ 67. Ke6 Bf4 68. Rb1+ Kc7 69. Rb7+ Kc8 70. Bg4 Bc7 71. Ke7+ 1-0


[Site "https://www.chess.com"]

[Event "Titled Tuesday Blitz June 28 Late 2022"]
[White "Bashirli, Nail"]
[Black "Fernandez Siles, Luis"]
[WhiteFideId "13406809"]
[BlackFideId "2209420"]
[WhiteElo "2333"]
[BlackElo "2211"]
[Result "0-1"]
[Round "01"]
[TimeControl "180+1"]
[Date "2022.06.29"]
[WhiteClock "0:00:13"]
[BlackClock "0:00:02"]

1. e4 c5 2. Nc3 Nc6 3. Bb5 Nd4 4. Nf3 g6 5. O-O Bg7 6. Re1 a6 7. Bf1 b5 8. Nxd4 cxd4 9. Ne2 Bb7 10. d3 d6 11. a4 Qb6 12. Ng3 Nf6 13. Bd2 O-O 14. Ne2 Rac8 15. axb5 axb5 16. Ba5 Qc5 17. c3 dxc3 18. bxc3 e5 19. Qb3 Rfe8 20. Reb1 Ng4 21. d4 exd4 22. Bb4 Qe5 23. Ng3 dxc3 24. Ra7 Re7 25. Qc2 Qf4 26. Rd1 Bxe4 27. Nxe4 Rxa7 28. Bxd6 Qf5 29. h3 Ne5 30. Bxb5 Nc4 31. Bb4 Nd2 32. Rxd2 cxd2 33. Qd3 Ra1+ 34. Kh2 Be5+ 35. g3 Ra2 36. Nf6+ Qxf6 37. Qe3 d1=Q 38. Be8 Qxf2+ 39. Qxf2 Rxf2# 0-1


[Site "https://www.chess.com"]

[Event "Titled Tuesday Blitz June 28 Late 2022"]
[White "Bluebaum, Matthias"]
[Black "Lucas, Arthur"]
[WhiteFideId "24651516"]
[BlackFideId "26093073"]
[WhiteElo "2556"]
[BlackElo "2129"]
[Result "1-0"]
[Round "01"]
[TimeControl "180+1"]
[Date "2022.06.28"]
[WhiteClock "0:01:20"]
[BlackClock "0:00:05"]

1. d4 Nf6 2. c4 g6 3. Nc3 Bg7 4. e4 d6 5. Nf3 O-O 6. Be2 Na6 7. O-O e5 8. Be3 c6 9. d5 Ng4 10. Bg5 f6 11. Bh4 c5 12. Ne1 h5 13. h3 Nh6 14. a3 Nf7 15. Nd3 Bh6 16. f4 exf4 17. Bxh5 gxh5 18. Nxf4 Ne5 19. Nxh5 Bg5 20. Bxg5 fxg5 21. Qd2 Rxf1+ 22. Rxf1 Nf7 23. e5 dxe5 24. Ne4 Bd7 25. Nhf6+ Kg7 26. Nxg5 Qxf6 27. Rxf6 Kxf6 28. Qf2+ Kxg5 29. Qxf7 Bf5 30. Qg7+ Kf4 31. Kf2 Ke4 32. Qg5 Bh7 33. Qe3+ Kf5 34. g4+ Kf6 35. Qh6+ Bg6 36. h4 Kf7 37. h5 Bd3 38. g5 Rf8 39. Ke3 Bxc4 40. Qe6+ Kg7 41. h6+ Kh8 42. Qxe5+ Kh7 43. Qg7# 1-0


[Site "https://www.chess.com"]

[Event "Titled Tuesday Blitz June 28 Late 2022"]
[White "Boder, Jan"]
[Black "Araujo Sanchez, Josue"]
[WhiteFideId "16243226"]
[BlackFideId "6416896"]
[WhiteElo "2401"]
[BlackElo "2717"]
[Result "0-1"]
[Round "01"]
[TimeControl "180+1"]
[Date "2022.06.29"]
[WhiteClock "0:00:04"]
[BlackClock "0:01:25"]

1. c4 c5 2. g3 g6 3. Bg2 Bg7 4. Nc3 Nc6 5. a3 d6 6. e4 e6 7. Nge2 Nge7 8. O-O O-O 9. d3 Nd4 10. Nxd4 cxd4 11. Ne2 d5 12. Bg5 f6 13. Bd2 dxc4 14. dxc4 e5 15. Nc1 Be6 16. b3 a5 17. Nd3 a4 18. Bb4 b6 19. f4 Qd7 20. f5 Bf7 21. Qd2 axb3 22. Rfc1 Rfc8 23. fxg6 hxg6 24. c5 bxc5 25. Nxc5 Qa7 26. Bh3 Rc6 27. Rab1 f5 28. Bg2 Rac8 29. Nxb3 Rxc1+ 30. Nxc1 fxe4 31. Bxe4 d3+ 32. Kg2 Rc2 33. Nxd3 Rxd2+ 34. Bxd2 Qd4 35. Rb8+ Kh7 36. Kf3 Bd5 37. Bxd5 Qxd3+ 38. Kg4 Qxd5 39. Bg5 Qe6+ 40. Kf3 Qf5+ 41. Kg2 Qxg5 0-1


[Site "https://www.chess.com"]

[Event "Titled Tuesday Blitz June 28 Late 2022"]
[White "Bortnyk, Mykola"]
[Black "Ozates, Tuna"]
[WhiteFideId "14120836"]
[BlackFideId "6354521"]
[WhiteElo "2582"]
[BlackElo "1887"]
[Result "1-0"]
[Round "01"]
[TimeControl "180+1"]
[Date "2022.06.28"]
[WhiteClock "0:00:18"]
[BlackClock "0:00:03"]

1. e4 c5 2. c3 d5 3. exd5 Nf6 4. d4 cxd4 5. cxd4 Nxd5 6. Nf3 Nc6 7. Nc3 Bg4 8. Bc4 e6 9. Be3 Bb4 10. Qb3 Na5 11. Qa4+ Nc6 12. Rc1 O-O 13. Nd2 Nxe3 14. fxe3 Qh4+ 15. g3 Qg5 16. Nf1 Bf3 17. Rg1 Rac8 18. a3 Bd6 19. Be2 Bxe2 20. Nxe2 e5 21. d5 Ne7 22. Rxc8 Rxc8 23. e4 Bc5 24. Rg2 Bb6 25. Qd1 Ng6 26. Nc3 h5 27. Rc2 Rd8 28. Qf3 h4 29. b4 hxg3 30. hxg3 Rd6 31. Nd1 Rf6 32. Rc8+ Nf8 33. Qe2 Qh6 34. Nde3 Qh1 35. Nf5 g6 36. Qg4 Qg1 37. Rc2 Bd4 38. Qg5 Rxf5 39. exf5 e4 40. fxg6 Nxg6 41. d6 e3 42. d7 Bb6 43. d8=Q+ Bxd8 44. Qxd8+ Kh7 45. Qd3 Kg7 46. Qxe3 Qh1 47. Qd4+ f6 48. Rh2 Ne5 49. Rxh1 1-0


[Site "https://www.chess.com"]

[Event "Titled Tuesday Blitz June 28 Late 2022"]
[White "Bortnyk, Olexandr"]
[Black "Borgaonkar Akshay"]
[WhiteFideId "14120828"]
[BlackFideId "25639110"]
[WhiteElo "2723"]
[BlackElo "1660"]
[Result "1-0"]
[Round "01"]
[TimeControl "180+1"]
[Date "2022.06.28"]
[WhiteClock "0:00:23"]
[BlackClock "0:00:04"]

1. d4 Nf6 2. Nc3 d5 3. Bf4 Bf5 4. e3 e6 5. Nf3 Bd6 6. Ne5 Nbd7 7. Be2 Ne4 8. Nxe4 Bxe4 9. f3 Bg6 10. h4 f6 11. Nxg6 hxg6 12. Bxd6 cxd6 13. c3 f5 14. g3 g5 15. h5 Nf6 16. Qb3 Qe7 17. f4 g4 18. O-O-O O-O-O 19. Kb1 Ne4 20. Rhg1 Rxh5 21. Bd3 Nf2 22. Rd2 Nxd3 23. Rxd3 Qc7 24. Rd2 Rdh8 25. Rc1 Rh1 26. Rc2 Rxc1+ 27. Rxc1 Qc4 28. Qa3 Qd3+ 29. Ka1 Qxe3 30. Rb1 Qxg3 31. Qxd6 Qe3 32. Qc5+ Kb8 33. Qe7 Qxf4 34. Qxg7 Qh6 35. Qe5+ Ka8 36. a4 f4 37. Rg1 g3 38. Ka2 a6 39. a5 Qh2 40. c4 dxc4 41. Rg2 Qh3 42. Rg1 c3 43. Qxf4 Qh2 44. Rb1 cxb2 45. Qf6 g2 46. Qf2 g1=Q 47. Qxg1 Qxg1 48. Rxg1 Rd8 49. Rg4 Rd5 50. Kxb2 Rxa5 51. Rg6 Rb5+ 52. Kc3 Rb6 53. d5 Rc6+ 54. dxc6 1-0


[Site "https://www.chess.com"]

[Event "Titled Tuesday Blitz June 28 Late 2022"]
[White "Brodowski, Piotr"]
[Black "De Souza, Cristiano Gomes"]
[WhiteFideId "1124480"]
[BlackFideId "2151758"]
[WhiteElo "2431"]
[BlackElo "2068"]
[Result "1-0"]
[Round "01"]
[TimeControl "180+1"]
[Date "2022.06.29"]
[WhiteClock "0:00:12"]
[BlackClock "0:00:13"]

1. c4 Nf6 2. Nc3 g6 3. d4 d6 4. Nf3 Bg7 5. g3 O-O 6. Bg2 Nc6 7. O-O Bf5 8. h3 Ne4 9. Nd5 e6 10. Ne3 e5 11. Nxf5 gxf5 12. d5 Ne7 13. Nh4 Qd7 14. Qc2 Nf6 15. Bd2 e4 16. Rad1 Ng6 17. Nxg6 fxg6 18. Bc3 Rae8 19. Kh2 h5 20. Qc1 Kh7 21. Bd2 Ng8 22. Rde1 Bh6 23. Bxh6 Nxh6 24. f3 exf3 25. exf3 Rxe1 26. Rxe1 Re8 27. f4 Ng8 28. Re3 Nf6 29. Qe1 Kg7 30. b4 Kf7 31. Bf3 a6 32. Re6 b6 33. Rxe8 Qxe8 34. Qd2 Ne4 35. Qe3 Nf6 36. Qc3 Qe7 37. Kg2 Qe8 38. Qd2 Qe7 39. Qc3 Qe8 40. c5 Qe7 41. cxb6 cxb6 42. Qc6 Qe3 43. Qc7+ Kg8 44. Qd8+ Kg7 45. Qxd6 Qd2+ 46. Kf1 Qc1+ 47. Ke2 Qb2+ 48. Ke1 Qxa2 49. Qe7+ Kg8 50. Qxf6 Qa1+ 51. Qxa1 Kf7 52. Qxa6 1-0


[Site "https://www.chess.com"]

[Event "Titled Tuesday Blitz June 28 Late 2022"]
[White "Cappelletto, Joshuaede"]
[Black "Deac, Bogdan-Daniel"]
[WhiteFideId "2824383"]
[BlackFideId "1226380"]
[WhiteElo "1761"]
[BlackElo "2648"]
[Result "1-0"]
[Round "01"]
[TimeControl "180+1"]
[Date "2022.06.28"]
[WhiteClock "0:02:19"]
[BlackClock "0:02:45"]

1. e4 c5 2. Nf3 d6 3. d4 cxd4 4. Nxd4 Nf6 5. Nc3 a6 6. h4 Nbd7 7. g4 d5 8. exd5 Nb6 9. Bg2 Bxg4 10. Qd3 Qd7 11. Bf4 1-0


[Site "https://www.chess.com"]

[Event "Titled Tuesday Blitz June 28 Late 2022"]
[White "Chernomordik, Pavel"]
[Black "Zhigalko, Sergei"]
[WhiteFideId "2804530"]
[BlackFideId "13502956"]
[WhiteElo "2220"]
[BlackElo "2662"]
[Result "0-1"]
[Round "01"]
[TimeControl "180+1"]
[Date "2022.06.28"]
[WhiteClock "0:00:04"]
[BlackClock "0:00:03"]

1. e4 c5 2. Nc3 Nc6 3. Bb5 Nd4 4. Bc4 e6 5. Nge2 Nf6 6. O-O a6 7. a4 Qc7 8. d3 b6 9. Bf4 d6 10. Nxd4 cxd4 11. Ne2 Bb7 12. Bg5 Nxe4 13. dxe4 Qxc4 14. Nxd4 h6 15. Bh4 Bxe4 16. Re1 d5 17. b3 Qc7 18. c4 Bb4 19. Qg4 O-O 20. Rxe4 dxe4 21. Bf6 g6 22. Qh4 Kh7 23. Bg5 h5 24. Qxe4 Be7 25. Nf3 Rad8 26. Qh4 Bxg5 27. Nxg5+ Kg8 28. Ne4 Qe5 29. Re1 f5 30. Qg5 Qg7 31. Ng3 e5 32. a5 bxa5 33. h4 e4 34. Ne2 Qf6 35. Qg3 Rd3 36. Qc7 Rf7 37. Qxa5 Qxh4 38. Qxa6 e3 39. Qxg6+ Rg7 40. Qe8+ Kh7 41. g3 exf2+ 42. Kxf2 Rgxg3 43. Qf7+ Rg7+ 44. Kf1 Qh3+ 0-1


[Site "https://www.chess.com"]

[Event "Titled Tuesday Blitz June 28 Late 2022"]
[White "Clawitter, Craig"]
[Black "Aggelis, Nikolaos"]
[WhiteFideId "2023105"]
[BlackFideId "4213220"]
[WhiteElo "2228"]
[BlackElo "2154"]
[Result "0-1"]
[Round "01"]
[TimeControl "180+1"]
[Date "2022.06.29"]
[WhiteClock "0:00:57"]
[BlackClock "0:01:33"]

1. e4 c5 2. Nf3 e6 3. d4 cxd4 4. Nxd4 Nf6 5. Nc3 Nc6 6. Ndb5 Bb4 7. a3 Bxc3+ 8. Nxc3 d5 9. exd5 exd5 10. Bd3 O-O 11. O-O Bg4 12. f3 Bh5 13. Bf4 d4 14. Ne4 Nd5 15. Bd2 Kh8 16. Re1 Qb6 17. b3 Bg6 18. Re2 Rae8 19. Qe1 f5 20. Ng5 Ne3 21. Kh1 Ne5 22. Ba5 Qf6 23. Nh3 Nxd3 24. cxd3 Nc2 25. Rxe8 Rxe8 0-1


[Site "https://www.chess.com"]

[Event "Titled Tuesday Blitz June 28 Late 2022"]
[White "Corrales Jimenez, Fidel"]
[Black "Vusatiuk, Vladimir"]
[WhiteFideId "3506690"]
[BlackFideId "14118610"]
[WhiteElo "2541"]
[BlackElo "2157"]
[Result "0-1"]
[Round "01"]
[TimeControl "180+1"]
[Date "2022.06.28"]
[WhiteClock "0:00:02"]
[BlackClock "0:00:43"]

1. d4 Nf6 2. c4 e6 3. Nc3 Bb4 4. e3 O-O 5. Ne2 Re8 6. a3 Bf8 7. b4 d5 8. Ng3 dxc4 9. Bxc4 e5 10. dxe5 Qxd1+ 11. Nxd1 Rxe5 12. Bb2 Re8 13. Bxf6 gxf6 14. Nc3 Be6 15. Nd5 Bxd5 16. Bxd5 c6 17. Bc4 Nd7 18. Ke2 a5 19. bxa5 Rxa5 20. a4 Rea8 21. Rhd1 Nb6 22. Bb3 Nxa4 23. Bxa4 Rxa4 24. Rac1 Kg7 25. Kf3 Kg6 26. Rd7 Rb4 27. h4 h5 28. Ne2 Bh6 29. Nd4 Ra2 30. Rc5 Rbb2 0-1


[Site "https://www.chess.com"]

[Event "Titled Tuesday Blitz June 28 Late 2022"]
[White "D`Arruda, Ricardo D."]
[Black "Livaic, Leon"]
[WhiteFideId "100692"]
[BlackFideId "14531534"]
[WhiteElo "2451"]
[BlackElo "2540"]
[Result "0-1"]
[Round "01"]
[TimeControl "180+1"]
[Date "2022.06.28"]
[WhiteClock "0:00:16"]
[BlackClock "0:01:23"]

1. d4 Nf6 2. Nf3 d5 3. Bf4 c5 4. e3 cxd4 5. exd4 Nc6 6. c3 Bg4 7. Nbd2 e6 8. Bd3 Bd6 9. Bxd6 Qxd6 10. O-O O-O 11. h3 Bh5 12. Re1 Rab8 13. a4 a6 14. a5 Qc7 15. Qa4 Bg6 16. Bxg6 hxg6 17. Ne5 Nxe5 18. Rxe5 b5 19. axb6 Rxb6 20. Ra2 Rfb8 21. Qc2 Qb7 22. b3 Rc6 23. Qd3 Qb5 24. Re3 Qxd3 25. Rxd3 Ne4 26. Nxe4 dxe4 27. Re3 Rxb3 28. Rxe4 Rbxc3 29. Re5 Rc1+ 30. Kh2 R1c2 31. Rxc2 Rxc2 32. Kg3 Kf8 33. Ra5 Rc6 34. d5 exd5 35. Rxd5 Ke7 36. Ra5 Kd6 37. f3 Kc7 38. h4 Kb6 39. Rd5 a5 40. Rd8 Kb5 41. Rd7 a4 42. Rxf7 a3 43. Re7 a2 44. Re1 Kb4 45. Kg4 Rc5 46. f4 Ka3 47. Kh3 Kb2 48. g4 Rc3+ 49. Kg2 Rc1 0-1


[Site "https://www.chess.com"]

[Event "Titled Tuesday Blitz June 28 Late 2022"]
[White "Daeschler, Florian"]
[Black "Paravyan, David"]
[WhiteFideId "20678193"]
[BlackFideId "4194985"]
[WhiteElo "2221"]
[BlackElo "2569"]
[Result "1-0"]
[Round "01"]
[TimeControl "180+1"]
[Date "2022.06.28"]
[WhiteClock "0:00:14"]
[BlackClock "0:00:00"]

1. d4 Nf6 2. c4 g6 3. g3 c6 4. Bg2 d5 5. Nf3 Bg7 6. cxd5 cxd5 7. O-O O-O 8. Ne5 Ne4 9. Nc3 Nxc3 10. bxc3 Nc6 11. Nxc6 bxc6 12. Qa4 Bg4 13. Re1 Qd7 14. Ba3 Rfe8 15. Rab1 e5 16. dxe5 Bxe5 17. c4 Bc3 18. Rec1 Bd2 19. Rc2 Rxe2 20. cxd5 Qf5 21. Bc5 Bc3 22. Rbc1 Bd2 23. Rd1 Bg5 24. Rxe2 Bxe2 25. Re1 Bb5 26. Qb3 Bf6 27. h4 Rd8 28. Bxa7 Qd7 29. Bb6 Rb8 30. Bc5 cxd5 31. Qxd5 Qxd5 32. Bxd5 Bd7 33. Bb3 h5 34. Be7 Re8 35. Bb4 Ra8 36. Kh2 Kg7 37. Rd1 Be6 38. Bxe6 fxe6 39. Rd7+ Kg8 40. a3 Bb2 41. Rd3 Kf7 42. Kg2 Rc8 43. Kf3 Rc1 44. Rd7+ Kg8 45. a4 Rc4 46. Rb7 Bd4 47. a5 Rc2 48. Be1 Ra2 49. Rb5 Kf7 50. Ke4 e5 51. Bb4 Re2+ 52. Kd5 Rxf2 53. Rb7+ 1-0


[Site "https://www.chess.com"]

[Event "Titled Tuesday Blitz June 28 Late 2022"]
[White "Dauner, Benedikt"]
[Black "Fawole, John Oyeyemi"]
[WhiteFideId "16225899"]
[BlackFideId "8501319"]
[WhiteElo "2230"]
[BlackElo "2091"]
[Result "1-0"]
[Round "01"]
[TimeControl "180+1"]
[Date "2022.06.29"]
[WhiteClock "0:00:03"]
[BlackClock "0:00:09"]

1. b3 b6 2. Bb2 Bb7 3. Nf3 Nf6 4. g3 e6 5. Bg2 d5 6. O-O Nbd7 7. c4 Be7 8. cxd5 exd5 9. d3 O-O 10. Nbd2 c6 11. a3 Rc8 12. Nd4 Re8 13. Rc1 g6 14. e4 dxe4 15. dxe4 Bf8 16. Re1 c5 17. Nb5 a6 18. Nc3 Ne5 19. Nd5 Nxd5 20. exd5 Nd3 21. Rxe8 Qxe8 22. Rb1 Nxb2 23. Rxb2 Rd8 24. Ne4 Bg7 25. Rd2 Qe5 26. h4 h5 27. Ng5 b5 28. Re2 Qf6 29. Rc2 Qd4 30. Rd2 Qf6 31. Ne4 Qe5 32. Nxc5 Bc8 33. b4 Qc3 34. d6 Bg4 35. Qe1 Bf6 36. d7 Kg7 37. Be4 Bd4 38. Bb7 Qxg3+ 39. Kf1 Qh3+ 40. Kg1 Bf3 41. Bxf3 Qxf3 42. Rd3 Bxf2+ 43. Qxf2 Qg4+ 44. Kf1 Qc4 45. Qd4+ Qxd4 46. Rxd4 Kf6 47. Nb7 Ke7 48. Nxd8 1-0


[Site "https://www.chess.com"]

[Event "Titled Tuesday Blitz June 28 Late 2022"]
[White "Della Morte, German"]
[Black "Lauridsen, Jesper Morch"]
[WhiteFideId "113522"]
[BlackFideId "1401890"]
[WhiteElo "2363"]
[BlackElo "2216"]
[Result "1-0"]
[Round "01"]
[TimeControl "180+1"]
[Date "2022.06.29"]
[WhiteClock "0:00:56"]
[BlackClock "0:00:22"]

1. e4 e6 2. d4 d5 3. Nd2 dxe4 4. Nxe4 Nd7 5. Nf3 Ngf6 6. Ng3 b6 7. Bb5 Bb7 8. Ne5 a6 9. Bc6 Bxc6 10. Nxc6 Qc8 11. O-O Bd6 12. Re1 Qb7 13. Ne5 Rf8 14. Bg5 O-O-O 15. Qe2 h6 16. Bd2 Kb8 17. Rad1 c5 18. c3 cxd4 19. cxd4 Rc8 20. Bc3 Bxe5 21. dxe5 Nd5 22. Bd4 Nf4 23. Qf1 Rc2 24. Ne4 Nc5 25. Bxc5 bxc5 26. g3 Nd5 27. Qd3 Rxb2 28. Nxc5 Qb5 29. Qxb5+ 1-0


[Site "https://www.chess.com"]

[Event "Titled Tuesday Blitz June 28 Late 2022"]
[White "Dev, Shah"]
[Black "Ward, Ieuan C"]
[WhiteFideId "35019058"]
[BlackFideId "406627"]
[WhiteElo "2048"]
[BlackElo "2334"]
[Result "1-0"]
[Round "01"]
[TimeControl "180+1"]
[Date "2022.06.29"]
[WhiteClock "0:02:50"]
[BlackClock "0:02:26"]

1. d4 Nf6 2. c4 e6 3. Nf3 b6 4. g3 Bb7 5. Bg2 Be7 6. O-O O-O 7. Nc3 Ne4 8. Qc2 Nxc3 9. Qxc3 d6 10. Qc2 c5 11. Ng5 Bxg5 12. Bxb7 Bxc1 13. Raxc1 Nd7 14. Bxa8 Qxa8 15. dxc5 dxc5 16. Rfd1 Ne5 17. Qc3 Nc6 18. Qf3 Nd4 19. Qxa8 Rxa8 20. Kf1 Kf8 21. e3 Nf3 22. Ke2 Nxh2 23. f3 1-0


[Site "https://www.chess.com"]

[Event "Titled Tuesday Blitz June 28 Late 2022"]
[White "Diaz Rosas, Julio Cesar"]
[Black "Gaisinsky, Adam"]
[WhiteFideId "5105099"]
[BlackFideId "2620561"]
[WhiteElo "2278"]
[BlackElo "1965"]
[Result "1-0"]
[Round "01"]
[TimeControl "180+1"]
[Date "2022.06.29"]
[WhiteClock "0:01:07"]
[BlackClock "0:00:01"]

1. d4 Nf6 2. c4 e6 3. Nc3 Bb4 4. a3 Bxc3+ 5. bxc3 d5 6. e3 O-O 7. Bd3 dxc4 8. Bxc4 c5 9. Ne2 Qc7 10. Bd3 b6 11. O-O Bb7 12. Ng3 Nbd7 13. e4 cxd4 14. cxd4 e5 15. Nf5 exd4 16. Qf3 Rac8 17. Bf4 Qd8 18. Rfe1 Nc5 19. Bg5 Nxd3 20. Qxd3 Rc3 21. Qd1 h6 22. Bh4 Kh7 23. Nxd4 g5 24. Bg3 Bxe4 25. Be5 Bg6 26. Ne6 fxe6 27. Qxd8 Rxd8 28. Bxf6 1-0


[Site "https://www.chess.com"]

[Event "Titled Tuesday Blitz June 28 Late 2022"]
[White "Djokic, Mihailo"]
[Black "Gabdushev, Ruslan"]
[WhiteFideId "976440"]
[BlackFideId "4137833"]
[WhiteElo "2255"]
[BlackElo "2312"]
[Result "1-0"]
[Round "01"]
[TimeControl "180+1"]
[Date "2022.06.29"]
[WhiteClock "0:00:03"]
[BlackClock "0:00:01"]

1. e4 Nc6 2. Nc3 e6 3. d4 Bb4 4. Nf3 d6 5. Be2 Nge7 6. O-O O-O 7. a3 Ba5 8. b4 Bb6 9. Be3 e5 10. Qd2 Ng6 11. d5 Nce7 12. a4 Bxe3 13. fxe3 h6 14. a5 f5 15. exf5 Bxf5 16. Bd3 Qd7 17. a6 b6 18. h3 Rf7 19. e4 Bxh3 20. gxh3 Nf4 21. Qh2 Nxh3+ 22. Kh1 Ng6 23. Ne2 Raf8 24. Nd2 Nf2+ 25. Kg1 Qg4+ 26. Qg3 Qh5 27. Rxf2 Rxf2 28. Qxf2 Rxf2 29. Kxf2 Qh4+ 30. Kf1 Qh3+ 31. Ke1 Qe3 32. Rb1 Nh4 33. Kd1 g5 34. Kc1 g4 35. Rb3 1-0


[Site "https://www.chess.com"]

[Event "Titled Tuesday Blitz June 28 Late 2022"]
[White "Donatti, Alvaro"]
[Black "De La Colina, Nicolas"]
[WhiteFideId "3000303"]
[BlackFideId "30946921"]
[WhiteElo "2138"]
[BlackElo "2046"]
[Result "1-0"]
[Round "01"]
[TimeControl "180+1"]
[Date "2022.06.29"]
[WhiteClock "0:00:57"]
[BlackClock "0:00:11"]

1. e4 c5 2. Nf3 Nc6 3. d4 cxd4 4. Nxd4 Nf6 5. Nc3 d6 6. Be3 Ng4 7. Bg5 h6 8. Bh4 g5 9. Bg3 Bg7 10. Nxc6 bxc6 11. Be2 Nf6 12. Qd2 Rb8 13. Rd1 Qa5 14. O-O Rxb2 15. e5 dxe5 16. Bc4 O-O 17. Bb3 Bg4 18. f3 Be6 19. Nd5 Qxd2 20. Nxe7+ Kh8 21. Rxd2 Bxb3 22. axb3 e4 23. Nf5 exf3 24. Nxg7 Kxg7 25. Be5 Re8 26. Bxb2 Re6 27. Rxf3 1-0


[Site "https://www.chess.com"]

[Event "Titled Tuesday Blitz June 28 Late 2022"]
[White "Elgersma, Onno"]
[Black "Gulecyuz, Deniz"]
[WhiteFideId "1053531"]
[BlackFideId "30921341"]
[WhiteElo "2304"]
[BlackElo "1923"]
[Result "1-0"]
[Round "01"]
[TimeControl "180+1"]
[Date "2022.06.29"]
[WhiteClock "0:01:11"]
[BlackClock "0:00:18"]

1. e4 c5 2. Nf3 Nc6 3. Bb5 g6 4. O-O Bg7 5. Re1 Nf6 6. e5 Nd5 7. Nc3 Nc7 8. Bxc6 dxc6 9. Ne4 b6 10. Nf6+ Kf8 11. Ne4 Bf5 12. d3 h6 13. a3 Kg8 14. a4 a5 15. b3 Kh7 16. Bb2 Ne6 17. Ng3 Bg4 18. h3 Bxf3 19. Qxf3 Qe8 20. h4 Rf8 21. h5 Rd8 22. Qg4 Qd7 23. Re4 Ng5 24. Qxd7 Rxd7 25. Re2 Ne6 26. Rae1 Rfd8 27. Re4 Rd5 28. f4 Nd4 29. Bxd4 Rxd4 30. Kf2 b5 31. Rxd4 Rxd4 32. Re4 Rd5 33. Kf3 gxh5 34. Nxh5 Kg6 35. Ng3 e6 36. Nf1 h5 37. Ne3 Rd8 38. Nd1 c4 39. bxc4 bxa4 40. c5 Rd5 41. Rxa4 Rxc5 42. c4 Bxe5 43. fxe5 Rxe5 44. Ne3 Kg5 45. d4 1-0


[Site "https://www.chess.com"]